Map: Crête de Lerilak

Players

Worming

  • Race: Zerg Zerg
  • League: Diamond

AcQ - Winner!

  • Race: Protoss Protoss
  • League: Diamond

VOD

Have the link to the VOD?

Description

Time

  • Played on: Nov. 23, 2015, 1:35 p.m.
  • Length: 9:39
Show
View Real Time Build Order
Export as new Build Order

Worming Zerg 

Build Orders: 3 Hatch before Pool 

Get SALT Encoding   

  12  0:02  Drone  
  13  0:11  Drone  
  14  0:22  Drone, Extractor  
  14  0:23  Drone, Extractor  
  16  0:44  Hatchery  
  16  0:49  Overlord  
  15  0:56  Drone, Extractor x2  
  16  1:08  Drone x2  
  18  1:11  Drone  
  19  1:29  Drone, Hatchery  
  19  1:41  Spawning Pool  
  19  1:44  Drone  
  19  1:55  Drone x2  
  21  2:07  Drone x3  
  24  2:17  Overlord  
  24  2:28  Queen x2  
  28  2:35  Zergling x6  
  31  2:39  Drone  
  32  2:49  Overlord  
  32  2:50  Drone x3  
  35  2:57  Drone, Extractor  
  35  3:09  Drone x4  
  39  3:18  Overlord  
  39  3:19  Drone  
  40  3:30  Drone x3  
  43  3:35  Overlord  
  43  3:38  Queen  
  42  3:48  Roach Warren  
  42  3:51  Queen, Spine Crawler  
  41  4:08  Drone x10  
  50  4:12  Queen  
  50  4:14  Metabolic Boost  
  50  4:15  Extractor  
  51  4:17  Zergling x2  
  51  4:18  Zergling x6  
  51  4:19  Overlord  
  51  4:23  Overlord  
  55  4:35  Drone x6  
  57  4:47  Drone x6  
  63  4:58  Overlord x2  
  63  4:59  Lair  
  63  5:01  Zergling x4  
  65  5:27  Extractor  
  64  5:29  Drone x3, Extractor  
  64  5:30  Drone x3, Overlord x2  
  64  5:31  Overlord  
  65  5:53  Roach  
  65  5:54  Roach x13  
  92  6:01  Glial Reconstitution  
  85  6:15  Drone x6  
  91  6:21  Overlord  
  91  6:22  Spore Crawler  
  90  6:26  Roach  
  90  6:27  Roach  
  94  6:39  Drone x3, Extractor  
  96  6:40  Drone x3  
  99  6:48  Roach x7  
  113  6:59  Roach  
  113  7:00  Roach x2  
  119  7:03  Hatchery  
  117  7:17  Drone  
  118  7:30  Spire  
  118  7:33  Extractor  
  118  7:35  Spine Crawler  
  87  7:54  Drone  
  87  7:55  Drone x4  
  87  7:56  Drone x5  
  87  7:57  Drone x7  
  104  8:07  Zergling x2  
  105  8:23  Hydralisk Den  
  105  8:25  Drone  
  105  8:26  Drone  
  106  8:27  Evolution Chamber  
  106  8:28  Drone x4  
  106  8:29  Drone x5, Evolution Chamber  
  113  8:36  Overlord x2  
  113  8:37  Roach  
  113  8:38  Roach x7  
  129  8:45  Roach  
  129  8:46  Roach x2  
  133  8:57  Spine Crawler  
  133  9:00  Roach x8, Spine Crawler  
  147  9:07  Hydralisk  
  147  9:08  Hydralisk  
  151  9:10  Overlord x3  
  151  9:12  Zergling x2  
Show
View Real Time Build Order
Export as new Build Order

AcQ Protoss - Winner!

Build Orders: Nexus First 

Get SALT Encoding   

  12  0:02  Probe (Chrono Boost)  
  13  0:12  Probe (Chrono Boost)  
  14  0:18  Pylon  
  14  0:23  Probe (Chrono Boost)  
  15  0:36  Probe (Chrono Boost)  
  16  0:47  Probe (Chrono Boost)  
  17  0:59  Nexus  
  17  1:08  Gateway  
  17  1:14  Assimilator  
  17  1:15  Probe (Chrono Boost)  
  18  1:23  Assimilator  
  18  1:27  Probe (Chrono Boost)  
  19  1:38  Probe (Chrono Boost)  
  19  1:39  Gateway  
  20  1:48  Probe (Chrono Boost)  
  21  1:58  Cybernetics Core  
  21  1:59  Probe (Chrono Boost)  
  22  2:10  Probe (Chrono Boost)  
  23  2:20  Probe x2 (Chrono Boost)  
  25  2:30  Probe (Chrono Boost)  
  25  2:31  Probe (Chrono Boost)  
  27  2:38  Adept x2  
  27  2:39  Warp Gate  
  27  2:41  Mothership Core (Chrono Boost)  
  33  2:46  Probe (Chrono Boost)  
  34  2:53  Pylon  
  34  2:56  Probe (Chrono Boost)  
  35  3:02  Robotics Facility  
  34  3:06  Probe (Chrono Boost)  
  34  3:12  Probe (Chrono Boost)  
  36  3:14  Sentry  
  36  3:16  Probe (Chrono Boost)  
  39  3:22  Probe (Chrono Boost)  
  41  3:27  Probe (Chrono Boost)  
  41  3:28  Pylon  
  41  3:30  Assimilator  
  41  3:33  Probe (Chrono Boost)  
  42  3:37  Probe (Chrono Boost)  
  43  3:45  Probe (Chrono Boost)  
  43  3:48  Probe (Chrono Boost)  
  45  3:51  Robotics Bay  
  45  3:54  Pylon  
  45  3:56  Probe (Chrono Boost)  
  45  3:58  Assimilator  
  46  4:08  Probe x2 (Chrono Boost)  
  48  4:10  Pylon  
  48  4:14  Warp Prism (Chrono Boost)  
  50  4:17  Probe  
  50  4:19  Probe  
  52  4:27  Probe  
  52  4:31  Probe  
  54  4:44  Probe  
  55  4:45  Probe  
  55  4:49  Disruptor (Chrono Boost)  
  55  4:51  Gravitic Drive  
  59  4:54  Probe  
  59  4:57  Probe  
  59  4:58  Forge  
  59  4:59  Nexus, Pylon  
  61  5:00  Sentry x2  
  61  5:06  Probe  
  64  5:09  Probe  
  66  5:27  Gateway  
  66  5:30  Twilight Council  
  66  5:32  Pylon  
  66  5:33  Stalker x2  
  66  5:34  Disruptor (Chrono Boost)  
  72  5:59  Probe  
  72  6:00  Probe  
  74  6:09  Probe  
  74  6:10  Disruptor (Chrono Boost)  
  78  6:12  Probe  
  78  6:15  Protoss Ground Weapons Level 1 (Chrono Boost), Blink  
  79  6:20  Probe  
  79  6:21  Probe  
  79  6:24  Probe  
  82  6:27  Pylon, Stalker  
  82  6:28  Stalker x2  
  82  6:29  Pylon  
  82  6:31  Probe  
  82  6:32  Probe  
  88  6:36  Probe  
  88  6:37  Immortal (Chrono Boost)  
  91  6:43  Photon Cannon  
  91  6:46  Probe  
  95  6:48  Probe  
  95  6:54  Gateway  
  97  6:55  Gateway  
  97  6:58  Gateway  
  97  7:01  Gateway x2  
  97  7:03  Stalker x2  
  97  7:04  Stalker  
  103  7:31  Stalker x3  
  109  7:37  Pylon  
  109  7:38  Pylon  
  109  7:39  Pylon  
  98  7:59  Probe  
  98  8:00  Probe  
  98  8:01  Probe, Assimilator  
  98  8:02  Assimilator, Stalker  
  98  8:03  Stalker  
  98  8:04  Stalker x2  
  109  8:09  Stalker  
  109  8:10  Stalker x3  
  117  8:13  Probe  
  118  8:27  Probe x2  
  120  8:39  Stalker x5  
  120  8:40  Stalker x3  
  136  8:48  Pylon x2  
  136  8:51  Pylon  
  136  8:52  Pylon  
  136  9:06  Stalker x6  
  136  9:07  Stalker x2  
  150  9:27  Stalker x3  
  150  9:38  Stalker x4  
  143  9:39  Stalker  
Tags
 
Add a new tag
Caveats
  • Supply blocks, unpowered buildings, or Contaminate may cause inaccurate times.
  • Supply counts are checked every 10 seconds.